 Dungeon Crawl Stone Soup version 0.29.1-13-g9f3cf754e1 (webtiles) character file.

Game seed: 13909617826593006879

63 Rikuski the Firebug (level 4, -3/35 HPs)
             Began as a Human Cinder Acolyte on Jan 26, 2023.
             Was a High Priest of Ignis.
             Slain by a kobold brigand
             ... wielding a +0 short sword
              (5 damage)
             ... on level 3 of the Dungeon on Jan 27, 2023.
             The game lasted 00:13:45 (2041 turns).

Rikuski the Firebug (Human Cinder Acolyte)          Turns: 2041, Time: 00:13:46

Health: -3/35      AC:  9    Str: 17    XL:     4   Next: 30%
Magic:  5/5        EV:  4    Int: 14    God:    Ignis [*****.]
Gold:   93         SH:  5    Dex:  8    Spells: 5/5 levels left

rFire   + . .      SeeInvis .   a - -1 falchion (flame)
rCold   . . .      Faith    .   q - +0 kite shield
rNeg    . . .      Spirit   .   m - +0 chain mail
rPois   .          Reflect  .   (no helmet)
rElec   .          Harm     .   (no cloak)
rCorr   .          Rampage  .   o - +0 pair of gloves
Will    .....                   (no boots)
Stlth   ..........              (no amulet)
HPRegen 0.11/turn               (no ring)
MPRegen 0.09/turn               (no ring)

@: lethally poisoned (-3 -> -6)
A: no striking features
a: Renounce Religion, Fiery Armour, Foxfire Swarm, Rising Flame


You were on level 3 of the Dungeon.
You worshipped Ignis.
Ignis was extremely pleased with you.
You visited 1 branch of the dungeon, and saw 3 of its levels.

You collected 93 gold pieces.

Inventory:

Hand Weapons
 a - a -1 falchion of flaming (weapon)
Missiles
 f - 15 stones (quivered)
Armour
 b - a +0 robe
 g - a +0 ring mail
 j - a +0 barding
 m - a +0 chain mail (worn)
 o - a +0 pair of gloves (worn)
 p - a +0 buckler
 q - a +0 kite shield (worn)
Scrolls
 c - 3 scrolls of teleportation {unknown}
 e - a scroll of amnesia {unknown}
 k - 2 scrolls of identify {unknown}
 n - a scroll of magic mapping {unknown}
 r - a scroll of vulnerability {unknown}
Potions
 d - a potion of curing {unknown}
 h - a potion of degeneration {unknown}
 i - a potion of cancellation {unknown}
 l - a potion of brilliance {unknown}
 s - a potion of attraction {unknown}
 t - 2 potions of ambrosia {unknown}


   Skills:
 + Level 3.4 Fighting
 + Level 3.4 Long Blades
 + Level 1.5 Armour
 + Level 0.4 Dodging
 + Level 1.1 Spellcasting
 + Level 3.4 Fire Magic


You had 5 spell levels left.
You didn't know any spells.
Your spell library contained the following spells:

 Spells                   Type           Power      Damage    Failure   Level
 Scorch                   Fire           20%        2d6       99%         2
 Flame Wave               Conj/Fire      5%         2d5       100%        4
 Summon Cactus Giant      Summ           0%         N/A       100%        6


Dungeon Overview and Level Annotations

Branches:
Dungeon (3/15)

Altars:
Uskayaw

Annotations:
D:3 2 transporters


Message History

The kobold brigand is heavily wounded.
The kobold brigand hits you with a +0 short sword.
You are too injured to fight recklessly!
You are too injured to fight recklessly!
You are too injured to fight recklessly!
You closely miss the kobold brigand.
The kobold brigand is heavily wounded.
The kobold brigand hits you with a +0 short sword.
You closely miss the kobold brigand.
The kobold brigand is moderately wounded.
The kobold brigand hits you with a +0 short sword.
The kobold brigand barely misses you.
You barely miss the kobold brigand.
The kobold brigand is moderately wounded.
The kobold brigand barely misses you.
You closely miss the kobold brigand.
The kobold brigand is moderately wounded.
The kobold brigand hits you with a +0 short sword.
* * * LOW HITPOINT WARNING * * *
The kobold brigand hits you but does no damage.
The kobold brigand throws a poisoned dart.
The poisoned dart hits you!
You are poisoned.
* * * LOW HITPOINT WARNING * * *
You feel sick.
* * * LOW HITPOINT WARNING * * *
You feel sick.
The kobold brigand hits you with a +0 short sword.
* * * LOW HITPOINT WARNING * * *
You hit the kobold brigand but do no damage.
The kobold brigand is moderately wounded.
* * * LOW HITPOINT WARNING * * *
You feel sick.
The kobold brigand hits you but does no damage.
You hit the kobold brigand. You burn the kobold brigand.
The kobold brigand is heavily wounded.
* * * LOW HITPOINT WARNING * * *
You feel sick.
The kobold brigand hits you with a +0 short sword.
You die...

##### #...# ###
##...######.#
#....'......#########
#....#####..........#
####.#####.............#
.........+....>.@.......
####.#####......K......#
#.# ####.......∩..∩ #.#
......$........ ###'##
............... #....#
....[......8..∩ #....#
............... #....#
........###.... ##....#
........# .$.8


You could see a kobold brigand.

Vanquished Creatures
  Jessica (D:3)
  2 worms (D:2)
  3 bats (D:1)
  4 endoplasms
  2 giant cockroaches (D:1)
  4 goblins
  2 hobgoblins (D:1)
  3 quokkas
  4 ball pythons
  A frilled lizard (D:2)
  A kobold (D:1)
  4 rats (D:1)
31 creatures vanquished.

Notes
Turn   | Place    | Note
-------+----------+-------------------------------------------
     0 | D:1      | Rikuski the Human Cinder Acolyte began the quest for the
                  | Orb.
     0 | D:1      | Reached XP level 1. HP: 18/18 MP: 2/2
   147 | D:1      | Reached XP level 2. HP: 17/24 MP: 3/3
   845 | D:1      | Reached XP level 3. HP: 20/29 MP: 4/4
  1309 | D:2      | Reached skill level 1 in Armour
  1656 | D:2      | Found Mocurghirph's Antique Weapon Emporium.
  1909 | D:3      | Found a hide-covered altar of Uskayaw.
  1939 | D:3      | Found a transporter.
  1943 | D:3      | Found a transporter.
  1974 | D:3      | Noticed Jessica
  1979 | D:3      | Killed Jessica
  1980 | D:3      | Reached XP level 4. HP: 33/35 MP: 5/5
  2023 | D:3      | Noticed a kobold brigand
  2041 | D:3      | Slain by a kobold brigand

Illustrated notes

Levels and vault maps discovered:
D:1:      dpeg_arrival_concentric_ovals, layout_basic, minmay_stone_trees_small
D:2:      layout_rooms, serial_shops, nicolae_square_shop
D:3:      gammafunk_wand_slinger, layout_basic,
          mainiacjoe_overflow_catch_the_wave,
          hellmonk_ecumenical_altar_arch_garden, kennysheep_decorative_pillar,
          chequers_serial_rivers_small_3, uniq_jessica, uniq_natasha

Skill      XL: |  1  2  3 |
---------------+----------+-----
Armour         | 1 |  1.5
Fighting       | |  3.4
Long Blades    | |  3.4
Dodging        | |  0.4
Spellcasting   | |  1.1
Fire Magic     | |  3.4

Action                   |  1- 3 |  4- 6 || total
-------------------------+-------+-------++-------
Melee: Falchion          |   107 |    13 ||   120
Armor: Robe              |     2 |       ||     2
       Ring mail         |    27 |       ||    27
       Chain mail        |     5 |     4 ||     9
Dodge: Dodged            |    68 |     5 ||    73
Block: Kite shield       |     1 |     2 ||     3
